3A
PROVO MANGO @ WASHINGTON GENERALS
07/04/2022
 
TOP OF THE 1ST
Provo Mango batting - Pitching for Washington Generals : RHP Pedro Martínez
Pitching: RHP Pedro Martínez
Batting: RHB Cristián Lima 0-0: Ball
1-0: Called Strike
1-1: Foul Ball, location: 2F
1-2: SINGLE (Groundball, 56D)
Batting: LHB Akihito Nishiyama 0-0: Ball
Throwing error on steal attempt, E2
Cristián Lima to third
1-0: Foul Ball, location: 2F
1-1: Ball
2-1: Swinging Strike
2-2: Fly out, F7 (Flyball, 78M)
Runner from 3rd tags up, SCORES, no throw
Batting: RHB Logan Manning 0-0: Foul Ball, location: 2F
0-1: Ground out 1-3 (Groundball, 13)
Batting: RHB Rubén Campos 0-0: Called Strike
0-1: Called Strike
0-2: SINGLE (Line Drive, 6MD)
Batting: RHB Lúcio Sánchez 0-0: Ball
1-0: Ball
2-0: Ball
3-0: Called Strike
3-1: Ground out 4-3 (Groundball, 4)
Top of the 1st over - 1 run(s), 2 hit(s), 1 error(s), 1 left on base; Provo 1 - Washington 0
BOTTOM OF THE 1ST
Washington Generals batting - Pitching for Provo Mango : LHP Jeff Bradshaw
Pitching: LHP Jeff Bradshaw
Batting: RHB Iván Rodríguez 0-0: SINGLE (Line Drive, 7S)
Batting: LHB Michael Whorton 0-0: Ball
1-0: Ball
2-0: SINGLE (Groundball, 4MD) (infield hit)
Iván Rodríguez to second
Batting: RHB Harley Gray 0-0: Ball
1-0: Fly out, F3 (Popup, 3D)
Batting: RHB Arturo Morales 0-0: Ball
1-0: Called Strike
1-1: Ball
2-1: Foul Ball, location: 2F
2-2: Fly out, F8 (Flyball, 8RM)
Batting: SHB Carlos Alicea 0-0: Ball
1-0: Ball
2-0: Ground out 1-3 (Groundball, 15)
Bottom of the 1st over - 0 run(s), 2 hit(s), 0 error(s), 2 left on base; Provo 1 - Washington 0
TOP OF THE 2ND
Provo Mango batting - Pitching for Washington Generals : RHP Pedro Martínez
Batting: LHB Armando Villarreal 0-0: Called Strike
0-1: Ball
1-1: Ground out 1-3 (Groundball, 15S)
Batting: RHB Xavier Hernández 0-0: Ball
1-0: Fly out, F8 (Flyball, 8LS)
Batting: SHB Tom Oglander 0-0: Foul Ball, location: 2F
0-1: Ball
1-1: Ground out 4-3 (Groundball, 4M)
Top of the 2nd over - 0 run(s), 0 hit(s), 0 error(s), 0 left on base; Provo 1 - Washington 0
BOTTOM OF THE 2ND
Washington Generals batting - Pitching for Provo Mango : LHP Jeff Bradshaw
Batting: LHB Jim Unknown 0-0: Called Strike
0-1: Ball
1-1: Swinging Strike
1-2: Ball
2-2: Ball
3-2: Foul Ball, location: 2F
3-2: Foul Ball, location: 2F
3-2: Foul Ball, location: 2F
3-2: Foul Ball, location: 2F
3-2: Foul Ball, location: 2F
3-2: Foul Ball, location: 2F
3-2: Base on Balls
Batting: LHB Jim Unknown 0-0: Ball
Error on foul ball, E2
1-1: Ball
2-1: Called Strike
Jim Unknown steals 2nd base
2-2: Foul Ball, location: 2F
2-2: Ball
3-2: Fly out, F9 (Line Drive, 89S)
Batting: RHB Jim Unknown 0-0: Ball
1-0: Foul Ball, location: 2F
1-1: DOUBLE (Line Drive, 89M)
Jim Unknown scores
Batting: RHB Andy Moore 0-0: Ball
1-0: Ground out 5-3 (Groundball, 5S)
Jim Unknown to third
Batting: RHB Iván Rodríguez 0-0: Swinging Strike
0-1: Fly out, F8 (Flyball, 8LM)
Bottom of the 2nd over - 1 run(s), 1 hit(s), 1 error(s), 1 left on base; Provo 1 - Washington 1
TOP OF THE 3RD
Provo Mango batting - Pitching for Washington Generals : RHP Pedro Martínez
Batting: RHB John Moss 0-0: Ball
1-0: Ball
2-0: Called Strike
2-1: Ball
3-1: Ground out 6-3 (Groundball, 6)
Batting: RHB Cristián Lima 0-0: Ball
1-0: Ball
2-0: Called Strike
2-1: Called Strike
2-2: Strikes out swinging
Batting: LHB Akihito Nishiyama 0-0: Called Strike
0-1: Ball
1-1: Ball
2-1: Foul Ball, location: 2F
2-2: Strikes out swinging
Top of the 3rd over - 0 run(s), 0 hit(s), 0 error(s), 0 left on base; Provo 1 - Washington 1
BOTTOM OF THE 3RD
Washington Generals batting - Pitching for Provo Mango : LHP Jeff Bradshaw
Batting: LHB Michael Whorton 0-0: Ball
1-0: Ball
2-0: Ball
3-0: Base on Balls
Batting: RHB Harley Gray 0-0: Ball
Michael Whorton is caught stealing 2nd base
1-0: Called Strike
1-1: Foul Ball, location: 2F
1-2: Fly out, F7 (Flyball, 78S)
Batting: RHB Arturo Morales 0-0: DOUBLE (Flyball, 78M)
Batting: SHB Carlos Alicea 0-0: Called Strike
0-1: Ball
1-1: Ball
2-1: Foul Ball, location: 2F
2-2: Fly out, F7 (Flyball, 7LMF)
Bottom of the 3rd over - 0 run(s), 1 hit(s), 0 error(s), 1 left on base; Provo 1 - Washington 1
TOP OF THE 4TH
Provo Mango batting - Pitching for Washington Generals : RHP Pedro Martínez
Batting: RHB Logan Manning 0-0: Foul Ball, location: 2F
0-1: Foul Ball, location: 2F
0-2: Ground out 1-3 (Groundball, 13)
Batting: RHB Rubén Campos 0-0: Ball
1-0: DOUBLE (Flyball, 8LXD)
Batting: RHB Lúcio Sánchez 0-0: Ball
Rubén Campos steals 3rd base
1-0: Ball
2-0: Foul Ball, location: 2F
2-1: Foul Ball, location: 2F
2-2: Ball
3-2: Base on Balls
Batting: LHB Armando Villarreal 0-0: Ball
1-0: Foul Ball, location: 2F
1-1: Foul Ball, location: 2F
1-2: Fly out, F7 (Flyball, 7M)
1-2: Lined into DP, 7-3 (Flyball, 7M)
Top of the 4th over - 0 run(s), 1 hit(s), 0 error(s), 1 left on base; Provo 1 - Washington 1
BOTTOM OF THE 4TH
Washington Generals batting - Pitching for Provo Mango : LHP Jeff Bradshaw
Batting: LHB Jim Unknown 0-0: Foul Ball, location: 2F
0-1: Ball
1-1: Fly out, F3 (Popup, 34S)
Batting: LHB Jim Unknown 0-0: Swinging Strike
0-1: Called Strike
0-2: Strikes out swinging
Batting: RHB Jim Unknown 0-0: Called Strike
0-1: Ball
1-1: Ball
2-1: Ball
3-1: Swinging Strike
3-2: Base on Balls
Batting: RHB Andy Moore 0-0: Ball
1-0: Ball
2-0: Ball
3-0: Base on Balls
Jim Unknown to second
Batting: RHB Iván Rodríguez 0-0: Called Strike
0-1: Ball
1-1: Foul Ball, location: 2F
1-2: Foul Ball, location: 2F
1-2: Ground out 3-1 (Groundball, 34)
Bottom of the 4th over - 0 run(s), 0 hit(s), 0 error(s), 2 left on base; Provo 1 - Washington 1
TOP OF THE 5TH
Provo Mango batting - Pitching for Washington Generals : RHP Pedro Martínez
Batting: RHB Xavier Hernández 0-0: Foul Ball, location: 2F
0-1: Swinging Strike
0-2: Ball
1-2: Ball
2-2: Foul Ball, location: 2F
2-2: Ball
3-2: SINGLE (Groundball, 56D)
Batting: SHB Tom Oglander 0-0: Bunted foul
0-1: Sac Bunt - play at first, batter safe!
Xavier Hernández to second
Batting: RHB John Moss 0-0: Called Strike
0-1: Ball
1-1: Grounds into double play, 6-4-3 (Groundball, 6M)
Xavier Hernández to third
Batting: RHB Cristián Lima 0-0: SINGLE (Line Drive, 56D)
Xavier Hernández scores
Batting: LHB Akihito Nishiyama 0-0: Called Strike
0-1: Foul Ball, location: 2F
0-2: TRIPLE (Flyball, 8RXD)
Cristián Lima scores
Batting: RHB Logan Manning 0-0: Fly out, F7 (Popup, 56D)
Top of the 5th over - 2 run(s), 4 hit(s), 0 error(s), 1 left on base; Provo 3 - Washington 1
BOTTOM OF THE 5TH
Washington Generals batting - Pitching for Provo Mango : LHP Jeff Bradshaw
Batting: LHB Michael Whorton 0-0: Ball
1-0: Swinging Strike
1-1: Foul Ball, location: 2F
1-2: Ball
2-2: Ball
3-2: Foul Ball, location: 2F
3-2: Strikes out swinging
Batting: RHB Harley Gray 0-0: Ball
1-0: Ball
2-0: Ball
3-0: Called Strike
3-1: Foul Ball, location: 2F
3-2: Foul Ball, location: 2F
3-2: Foul Ball, location: 2F
3-2: Ground out 6-3 (Groundball, 6M)
Batting: RHB Arturo Morales 0-0: Ball
1-0: Ball
2-0: Fly out, F7 (Flyball, 78XD)
Bottom of the 5th over - 0 run(s), 0 hit(s), 0 error(s), 0 left on base; Provo 3 - Washington 1
TOP OF THE 6TH
Provo Mango batting - Pitching for Washington Generals : RHP Pedro Martínez
Batting: RHB Rubén Campos 0-0: Called Strike
0-1: SINGLE (Groundball, 34D)
Batting: RHB Lúcio Sánchez 0-0: Ball
1-0: Swinging Strike
1-1: Foul Ball, location: 2F
1-2: Ball
2-2: Strikes out swinging
Batting: LHB Armando Villarreal 0-0: Ball
1-0: Foul Ball, location: 2F
1-1: Foul Ball, location: 2F
1-2: Ball
2-2: Foul Ball, location: 2F
2-2: Ball
3-2: Fielders Choice at 2nd, 6-4 (Groundball, 6)
Batting: RHB Xavier Hernández 0-0: Foul Ball, location: 2F
0-1: Called Strike
0-2: Ball
1-2: Strikes out swinging
Top of the 6th over - 0 run(s), 1 hit(s), 0 error(s), 1 left on base; Provo 3 - Washington 1
BOTTOM OF THE 6TH
Washington Generals batting - Pitching for Provo Mango : LHP Jeff Bradshaw
Batting: SHB Carlos Alicea 0-0: Called Strike
0-1: Called Strike
0-2: Ball
1-2: Ball
2-2: Ball
3-2: Strikes out swinging
Pitching: RHP Guang Wen
Batting: LHB Jim Unknown 0-0: Ball
1-0: Ball
2-0: Ball
3-0: Base on Balls
Batting: LHB Jim Unknown 0-0: Foul Ball, location: 2F
0-1: Ball
1-1: Ball
2-1: Fly out, F7 (Line Drive, 7M)
Batting: RHB Jim Unknown 0-0: Ball
1-0: Fly out, F4 (Popup, 34)
Bottom of the 6th over - 0 run(s), 0 hit(s), 0 error(s), 1 left on base; Provo 3 - Washington 1
TOP OF THE 7TH
Provo Mango batting - Pitching for Washington Generals : RHP Pedro Martínez
Batting: SHB Tom Oglander 0-0: Called Strike
0-1: SINGLE (Groundball, 4MD)
Batting: RHB John Moss 0-0: Ball
1-0: Called Strike
1-1: Fly out, F8 (Flyball, 8RM)
Pitching: RHP Germán Orozco
Batting: RHB Cristián Lima 0-0: Called Strike
0-1: Ball
1-1: Ball
Wild Pitch!
Tom Oglander to second
2-1: Ground out 6-3 (Groundball, 6)
Batting: LHB Akihito Nishiyama 0-0: Ball
1-0: Foul Ball, location: 2F
1-1: Ball
2-1: Ball
3-1: Base on Balls
Batting: RHB Logan Manning 0-0: Ball
1-0: Ball
2-0: Called Strike
2-1: Swinging Strike
2-2: Strikes out swinging
Top of the 7th over - 0 run(s), 1 hit(s), 0 error(s), 2 left on base; Provo 3 - Washington 1
BOTTOM OF THE 7TH
Washington Generals batting - Pitching for Provo Mango : RHP Guang Wen
Batting: RHB Andy Moore 0-0: Called Strike
0-1: Foul Ball, location: 2F
0-2: Foul Ball, location: 2F
0-2: Ball
1-2: Strikes out swinging
Batting: RHB Iván Rodríguez 0-0: Swinging Strike
0-1: Ball
1-1: Called Strike
1-2: Ball
2-2: SINGLE (Line Drive, 9S)
Batting: LHB Michael Whorton 0-0: Called Strike
0-1: Ball
1-1: Foul Ball, location: 2F
1-2: Ball
2-2: Strikes out swinging
Batting: RHB Harley Gray 0-0: Ball
1-0: Swinging Strike
1-1: Ground out 4-3 (Groundball, 4)
Bottom of the 7th over - 0 run(s), 1 hit(s), 0 error(s), 1 left on base; Provo 3 - Washington 1
TOP OF THE 8TH
Provo Mango batting - Pitching for Washington Generals : RHP Germán Orozco
Batting: RHB Rubén Campos 0-0: Ball
1-0: Swinging Strike
1-1: Swinging Strike
1-2: Ground out 6-3 (Groundball, 6MS)
Batting: RHB Lúcio Sánchez 0-0: Ground out 4-3 (Groundball, 34)
Batting: LHB Armando Villarreal 0-0: SINGLE (Groundball, 5D)
Batting: RHB Xavier Hernández 0-0: Ball
Armando Villarreal is caught stealing 2nd base
Top of the 8th over - 0 run(s), 1 hit(s), 0 error(s), 0 left on base; Provo 3 - Washington 1
BOTTOM OF THE 8TH
Washington Generals batting - Pitching for Provo Mango : RHP Guang Wen
Now at C: Santiago Ramos
Batting: RHB Arturo Morales 0-0: Ball
1-0: Swinging Strike
1-1: Ball
2-1: Ball
3-1: Foul Ball, location: 2F
3-2: Foul Ball, location: 2F
3-2: Foul Ball, location: 2F
3-2: Strikes out looking
Batting: SHB Carlos Alicea 0-0: Ground out 3-1 (Groundball, 3L)
Pitching: RHP Luis Ramos
Batting: LHB Jim Unknown 0-0: Ball
1-0: Ball
2-0: Called Strike
2-1: Fly out, F4 (Popup, 4M)
Bottom of the 8th over - 0 run(s), 0 hit(s), 0 error(s), 0 left on base; Provo 3 - Washington 1
TOP OF THE 9TH
Provo Mango batting - Pitching for Washington Generals : RHP Germán Orozco
Batting: RHB Xavier Hernández 0-0: Ball
1-0: Ball
2-0: Ball
3-0: Base on Balls
Batting: SHB Tom Oglander 0-0: Reached on error, E2 (Groundball, 25)
Xavier Hernández to third
Pinch Hitting: RHB Everette Jeffers 0-0: Ball
1-0: Ball
2-0: Ball
3-0: Base on Balls
Pinch Hitting: RHB Salvador Noriega 0-0: Ball
1-0: SINGLE (Groundball, 56D)
Xavier Hernández scores
Tom Oglander to third
Everette Jeffers to second
Runner from 3rd tries for Home, SAFE, no throw or cutoff
Batting: LHB Akihito Nishiyama 0-0: Ball
1-0: Sac Bunt - play at first, batter OUT! 1-4
Everette Jeffers to third
Salvador Noriega to second
Batting: RHB Santiago Ramos 0-0: Foul Ball, location: 2F
0-1: Ball
1-1: Ball
2-1: Foul Ball, location: 2F
2-2: Strikes out swinging
Batting: RHB Rubén Campos 0-0: Intentional Walk
Batting: RHB Lúcio Sánchez 0-0: Called Strike
0-1: Ball
1-1: Foul Ball, location: 2F
1-2: Foul Ball, location: 2F
1-2: Ground out 5-3 (Groundball, 56S)
Top of the 9th over - 2 run(s), 1 hit(s), 1 error(s), 3 left on base; Provo 5 - Washington 1
BOTTOM OF THE 9TH
Washington Generals batting - Pitching for Provo Mango : RHP Luis Ramos
Now at 3B: Everette Jeffers
Now in CF: Salvador Noriega
Batting: LHB Jim Unknown 0-0: Called Strike
0-1: Foul Ball, location: 2F
0-2: Foul Ball, location: 2F
0-2: Ball
1-2: Foul Ball, location: 2F
1-2: SINGLE (Line Drive, 9LS)
Batting: RHB Jim Unknown 0-0: Ball
1-0: Called Strike
1-1: Foul Ball, location: 2F
1-2: Strikes out swinging
Batting: RHB Andy Moore 0-0: Ball
1-0: Ball
2-0: Foul Ball, location: 2F
2-1: Foul Ball, location: 2F
2-2: Strikes out looking
Batting: RHB Iván Rodríguez 0-0: Called Strike
0-1: Fly out, F9 (Flyball, 9S)
Bottom of the 9th over - 0 run(s), 1 hit(s), 0 error(s), 1 left on base; Provo 5 - Washington 1
This league is powered by Out of the Park Baseball, the baseball management simulation game for PC, Mac and Linux
Friday, April 15th, 2016 - OOTP Baseball 16.9 Build 39